 Dungeon Crawl Stone Soup version bcrawl-1.14.1-2-g116eac945c (webtiles) character file.

Game seed: 8465014497767256115

95 KristoblXynda the Cudgeler (level 4, -2/36 HPs)
             Began as an Oni Skald on Sept 18, 2019.
             Killed from afar by an orc wizard (7 damage)
             ... with a magic dart
             ... on level 3 of the Dungeon.
             The game lasted 00:05:04 (3078 turns).

KristoblXynda the Cudgeler (Oni Skald)              Turns: 3078, Time: 00:05:05

Health: -2/36      AC:  6    Str: 22 (23) XL:     4   Next: 65%
Magic:  8/8        EV: 11    Int: 14 (16) God:
Gold:   130        SH:  0    Dex:  8 (10) Spells: 5/6 levels left

rFire    . . .     SeeInvis .   m - +0 whip (flame)
rCold    . . .     Gourm    .   (no shield)
rNeg     . . .     Faith    .   g - +1 ring mail
rPois    .         Spirit   .   (helmet restricted)
rElec    .         Reflect  .   (no cloak)
rCorr    .         Harm     .   (no gloves)
MR       .....                  (no boots)
Stlth    ..........             (no amulet)
HPRegen  0.12/turn              o - +4 ring of strength
MPRegen  0.11/turn              (no ring)

@: mighty, swift, flying, slowed, slow
A: oni magic, claws 1, fangs 1, horns 1
a: no special abilities


You were on level 3 of the Dungeon.
You were hungry.

You visited 1 branch of the dungeon, and saw 3 of its levels.

You collected 130 gold pieces.

Inventory:

Hand Weapons
 m - a +0 whip of flaming (weapon)
Armour
 g - a +1 ring mail (worn)
Jewellery
 o - a +4 ring of strength (left claw)
 t - an uncursed ring of fire
Scrolls
 d - 2 scrolls of fear
 e - a scroll of enchant armour
 j - a scroll of immolation {unknown}
 k - a scroll of magic mapping {unknown}
 l - a scroll of fog {unknown}
Potions
 c - 2 potions of haste
 h - a potion of curing
 i - a potion of flight
 n - a potion of resistance {unknown}
Comestibles
 a - a chunk of flesh
 f - 6 rations {!d}


   Skills:
 - Level 2.0 Fighting
 * Level 3.6 Maces & Flails
 + Level 1.7 Armour
 + Level 2.4 Dodging
 + Level 1.9 Spellcasting


You had 5 spell levels left.
You knew the following spells:

 Your Spells              Type           Power        Failure   Level  Hunger
a - Infusion              Chrm           #.......     16%         1    ##.....

Your spell library contained the following spells:

 Spells                   Type           Power        Failure   Level  Hunger
 Apportation              Tloc           #.....       16%         1    ##.....
 Shackle                  Hex            #.......     22%         2    ###....
 Song of Slaying          Chrm           #.......     22%         2    ###....
 Ozocubu's Armour         Chrm/Ice       #.......     45%         3    ####...
 Regeneration             Chrm/Necr      #.........   45%         3    ####...
 Spectral Weapon          Hex/Chrm       #.......     45%         3    ####...


Dungeon Overview and Level Annotations

Branches:
Dungeon (3/12)

Altars:
Lugonu


Innate Abilities, Weirdness & Mutations

You learn spells by gaining experience, not through books or religion.
You only train spellcasting to practice magic.
You have sharp fingernails.
You have very sharp teeth.
You have a pair of small horns on your head.


Message History

You headbutt the orc priest, but do no damage.
The orc priest barely misses you. The orc priest closely misses you.
Unknown command.
It was a potion of degeneration.
There was something very wrong with that liquid.
You feel weakened.
You feel dopey.
You feel clumsy.
The orc wizard hits you but does no damage.
The orc wizard closely misses you.
The orc priest hits you but does no damage.
Unknown command.
It was a potion of might.
You feel very mighty all of a sudden.
The orc wizard points at you and mumbles some strange words.
The magic dart hits you!
* * * LOW HITPOINT WARNING * * *
The orc priest hits you with a +0 club.
* * * LOW HITPOINT WARNING * * *
The orc wizard gestures at you while chanting.
The magic dart hits you!
You die...

..# #.# #K#
#.########## # #.#
...........# #.#o#
...........#
#.#.#######
...........#
#.......... ..
...........#####.##
.P##
...........).o@o..#
P..#.
...........########
..P.. ...........#
P.P... ...........#
...... ...........#
#..... ####...#.#
#.#'#. #...#.#
...... #.....#
...... #...###
......


You could see an orc priest and an orc wizard.

Vanquished Creatures
  A worker ant (D:3)
  2 worms
  A leopard gecko (D:3)
  9 orcs
  2 ball pythons (D:1)
  2 bats
  2 goblins (D:2)
  5 hobgoblins
  11 jackals
  2 frilled lizards
  7 kobolds
  10 rats
54 creatures vanquished.

Vanquished Creatures (others)
  5 withered plants (D:3)
5 creatures vanquished.

Grand Total: 59 creatures vanquished

Notes
Turn   | Place    | Note
-------+----------+-------------------------------------------
     0 | D:1      | KristoblXynda the Oni Skald began the quest for the Orb.
     0 | D:1      | Reached XP level 1. HP: 17/17 MP: 4/4
    40 | D:1      | Reached skill level 1 in Armour
    47 | D:1      | Reached XP level 2. HP: 13/24 MP: 4/6
  1007 | D:2      | Reached XP level 3. HP: 28/29 MP: 7/7
  1024 | D:2      | Reached skill level 3 in Maces & Flails
  1778 | D:3      | Found a corrupted altar of Lugonu.
  1781 | D:3      | Noticed an ogre
  2185 | D:3      | Reached XP level 4. HP: 19/36 MP: 8/8
  3078 | D:3      | Killed from afar by an orc wizard

Skill      XL: |  1  2  3 |
---------------+----------+-----
Armour         | 1 |  1.7
Dodging        | 2 |  2.4
Maces & Flails | 3 |  3.6
Fighting       | |  2.0
Spellcasting   | |  1.9

Action                   |  1- 3 |  4- 6 || total
-------------------------+-------+-------++-------
Melee: Mace              |   104 |       ||   104
       Headbutt          |    12 |     8 ||    20
       Hand axe          |     8 |     7 ||    15
       Bite              |     5 |     3 ||     8
       Whip              |       |    51 ||    51
  Use: Scroll            |     2 |     2 ||     4
       Potion            |     1 |     6 ||     7
  Eat: Chunk             |     3 |       ||     3
       Ration            |       |     1 ||     1
Armor: Leather armour    |    30 |     2 ||    32
       Ring mail         |       |    10 ||    10
Dodge: Dodged            |    86 |    29 ||   115
